[ AOE2 MATCH · #477996683 ]
UnrankedBurgundians vs Teutons
Rival team · LOSS
[ REPLAY ANALYSIS · EXTRACTED FROM THE RECORDED GAME ]
Feudal
13:08
Castle
20:48
Imperial
31:55
| APM avg | 29.0 |
| APM peak | 75 |
| eAPM avg | 19.5 |
| Villagers / military | 134 / 106 |
Focus
⚔️ 27.1% · 🌾 72.9%
Coustillier ×60 · Flemish Militia ×36 · Trebuchet (Packed) ×7 · Monk ×2 · Bombard Cannon ×1
Feudal
13:49
Castle
20:02
Imperial
32:05
| APM avg | 17.0 |
| APM peak | 43 |
| eAPM avg | 12.2 |
| Villagers / military | 128 / 50 |
Focus
⚔️ 26.5% · 🌾 73.5%
Teutonic Knight ×27 · Spearman ×8 · Monk ×5 · Militia ×5 · Mangonel ×3 · Bombard Cannon ×1
Match map
Initial resources + every placement click. Lines = walls · curves = elevation contours. ◆ gold · ⬟ stone · ● berries · ✦ relic · ◌ wall gap
Your base· ✓ Closed at 20:48 · 0t walls · 2 gate(s)
Frog 2nd's base· ✓ Closed at 20:02 · 2t walls · 3 gate(s)
Smoothed initial terrain · ◌ = detected wall gap · hover for details
Inputs per minute
— CaptainCAT - - Frog 2nd
Build order — CaptainCAT
First 150 of 321 actions detected
| 0:00 | Create | Villager (Male) |
| 0:01 | Create | Villager (Male) |
| 0:02 | Build | House |
| 0:03 | Build | House |
| 0:05 | Create | Villager (Male) |
| 0:11 | Create | Villager (Male) |
| 1:25 | Create | Villager (Male) |
| 1:44 | Build | Lumber Camp |
| 1:59 | Create | Villager (Male) |
| 2:25 | Create | Villager (Male) |
| 2:45 | Create | Villager (Male) |
| 3:14 | Create | Villager (Male) |
| 3:43 | Create | Villager (Male) |
| 3:55 | Research | Double-Bit Axe |
| 4:11 | Create | Villager (Male) |
| 4:18 | Build | House |
| 4:35 | Research | Loom |
| 4:58 | Create | Villager (Male) |
| 5:02 | Create | Villager (Male) |
| 5:16 | Research | Wheelbarrow |
| 5:16 | Create | Villager (Male) |
| 5:30 | Build | Mill |
| 6:06 | Create | Villager (Male) |
| 6:18 | Create | Villager (Male) |
| 6:48 | Create | Villager (Male) |
| 7:13 | Create | Villager (Male) |
| 7:35 | Build | House |
| 7:40 | Build | Lumber Camp |
| 8:18 | Create | Villager (Male) |
| 8:43 | Create | Villager (Male) |
| 8:57 | Build | Mining Camp |
| 8:59 | Research | Feudal Age |
| 9:02 | Create | Villager (Male) |
| 9:10 | Build | Mining Camp |
| 9:16 | Create | Villager (Male) |
| 9:46 | Research | Stone Mining |
| 9:49 | Research | Gold Mining |
| 10:05 | Create | Villager (Male) |
| 10:22 | Create | Villager (Male) |
| 10:42 | Build | House |
| 10:44 | Create | Villager (Male) |
| 10:58 | Research | Feudal Age |
| 11:15 | Create | Villager (Male) |
| 12:43 | Build | House |
| 12:54 | Research | Horse Collar |
| 13:08 | Age | Feudal Age |
| 13:12 | Build | Farm |
| 13:14 | Build | Farm |
| 13:15 | Build | Farm |
| 13:16 | Build | Farm |
| 13:20 | Build | Farm |
| 13:22 | Build | Farm |
| 13:24 | Build | Blacksmith |
| 13:26 | Create | Villager (Male) |
| 13:35 | Create | Villager (Male) |
| 14:04 | Create | Villager (Male) |
| 14:19 | Build | Market |
| 14:21 | Create | Villager (Male) |
| 14:23 | Research | Bow Saw |
| 14:38 | Create | Villager (Male) |
| 14:52 | Create | Villager (Male) |
| 15:07 | Build | House |
| 15:10 | Create | Villager (Male) |
| 15:20 | Build | Farm |
| 15:25 | Build | Farm |
| 15:26 | Build | Farm |
| 15:27 | Build | Farm |
| 15:29 | Build | Farm |
| 15:36 | Build | Farm |
| 15:38 | Create | Villager (Male) |
| 16:13 | Create | Villager (Male) |
| 16:20 | Build | Farm |
| 16:21 | Build | Farm |
| 16:22 | Build | Farm |
| 16:23 | Build | Farm |
| 16:29 | Create | Villager (Male) |
| 16:38 | Build | Farm |
| 16:49 | Create | Villager (Male) |
| 17:00 | Build | Farm |
| 17:03 | Build | Farm |
| 17:04 | Build | Farm |
| 17:16 | Create | Villager (Male) |
| 17:22 | Build | Farm |
| 17:23 | Create | Villager (Male) |
| 17:45 | Build | Farm |
| 18:04 | Research | Castle Age |
| 18:20 | Create | Villager (Male) |
| 18:27 | Research | Heavy Plow |
| 20:23 | Create | Villager (Male) |
| 20:28 | Research | Hand Cart |
| 20:48 | Age | Castle Age |
| 20:49 | Build | Town Center |
| 20:52 | Create | Villager (Male) |
| 20:56 | Build | Monastery |
| 20:59 | Create | Villager (Male) |
| 21:04 | Build | Barracks |
| 21:06 | Create | Villager (Male) |
| 21:10 | Research | Two-Man Saw |
| 21:15 | Create | Villager (Male) |
| 21:47 | Create | Villager (Male) |
| 21:51 | Create | Villager (Male) |
| 21:59 | Create | Villager (Male) |
| 22:00 | Create | Villager (Male) |
| 22:02 | Create | Monk |
| 22:09 | Create | Flemish Militia |
| 22:09 | Create | Flemish Militia |
| 22:11 | Research | Squires |
| 22:11 | Research | Arson |
| 22:15 | Create | Villager (Male) |
| 22:17 | Create | Villager (Male) |
| 22:19 | Create | Villager (Male) |
| 22:25 | Create | Villager (Male) |
| 22:31 | Create | Villager (Male) |
| 23:10 | Research | Town Watch |
| 23:12 | Create | Villager (Male) |
| 23:14 | Research | Gold Shaft Mining |
| 23:15 | Build | House |
| 23:16 | Build | House |
| 23:54 | Create | Villager (Male) |
| 23:56 | Create | Villager (Male) |
| 24:10 | Create | Flemish Militia ×5 |
| 24:10 | Create | Flemish Militia ×5 |
| 24:30 | Build | Castle |
| 24:33 | Create | Villager (Male) |
| 24:34 | Create | Villager (Male) |
| 24:38 | Build | House |
| 24:38 | Build | House |
| 24:44 | Research | Fletching |
| 24:44 | Research | Forging |
| 24:46 | Research | Scale Mail Armor |
| 25:03 | Create | Flemish Militia |
| 25:12 | Create | Villager (Male) |
| 25:13 | Create | Villager (Male) |
| 25:14 | Create | Monk |
| 25:29 | Create | Villager (Male) |
| 25:33 | Create | Villager (Male) |
| 25:35 | Create | Coustillier |
| 25:35 | Create | Coustillier |
| 25:36 | Create | Coustillier |
| 25:36 | Create | Coustillier |
| 25:54 | Create | Villager (Male) |
| 25:55 | Create | Villager (Male) |
| 25:55 | Create | Villager (Male) |
| 25:58 | Build | Farm |
| 26:00 | Build | Farm |
| 26:01 | Create | Villager (Male) |
| 26:03 | Build | House |
| 26:04 | Build | House |
| 26:04 | Build | House |
| 26:04 | Build | House |
Build order — Frog 2nd
First 150 of 319 actions detected
| 0:01 | Create | Villager (Male) |
| 0:01 | Create | Villager (Male) |
| 0:02 | Create | Villager (Male) |
| 0:02 | Create | Villager (Male) |
| 0:04 | Build | House |
| 0:07 | Build | House |
| 0:08 | Build | House |
| 1:30 | Create | Villager (Male) |
| 1:53 | Build | Mill |
| 1:55 | Create | Villager (Male) |
| 2:06 | Build | Palisade Wall |
| 2:07 | Build | Palisade Wall |
| 2:25 | Create | Villager (Male) |
| 2:50 | Create | Villager (Male) |
| 3:08 | Create | Villager (Male) |
| 3:09 | Create | Villager (Male) |
| 4:03 | Create | Villager (Male) |
| 4:03 | Create | Villager (Male) |
| 4:54 | Create | Villager (Male) |
| 4:54 | Create | Villager (Male) |
| 5:05 | Build | Lumber Camp |
| 5:22 | Create | Villager (Male) |
| 5:22 | Create | Villager (Male) |
| 5:23 | Create | Villager (Male) |
| 6:09 | Create | Villager (Male) |
| 6:10 | Create | Villager (Male) |
| 6:10 | Create | Villager (Male) |
| 6:19 | Build | House |
| 6:21 | Build | House |
| 6:24 | Build | House |
| 6:25 | Build | House |
| 6:29 | Create | Villager (Male) |
| 6:30 | Create | Villager (Male) |
| 6:43 | Create | Villager (Male) |
| 6:50 | Build | House |
| 7:02 | Create | Villager (Male) |
| 7:30 | Create | Villager (Male) |
| 7:45 | Build | House |
| 7:48 | Create | Villager (Male) |
| 8:01 | Build | Farm |
| 8:02 | Build | Farm |
| 8:03 | Build | Farm |
| 8:05 | Build | Farm |
| 8:06 | Build | Farm |
| 8:07 | Create | Villager (Male) |
| 8:08 | Create | Villager (Male) |
| 8:37 | Build | Barracks |
| 8:40 | Create | Villager (Male) |
| 9:05 | Build | Mining Camp |
| 9:07 | Create | Villager (Male) |
| 9:12 | Build | Farm |
| 9:13 | Create | Villager (Male) |
| 9:13 | Create | Villager (Male) |
| 9:35 | Build | Farm |
| 10:01 | Build | Farm |
| 10:52 | Build | Farm |
| 11:21 | Build | Mining Camp |
| 11:39 | Research | Feudal Age |
| 12:31 | Build | Farm |
| 12:35 | Build | Farm |
| 13:49 | Age | Feudal Age |
| 13:50 | Research | Wheelbarrow |
| 13:52 | Research | Double-Bit Axe |
| 13:54 | Research | Horse Collar |
| 13:59 | Build | Archery Range |
| 14:10 | Build | Blacksmith |
| 14:47 | Create | Villager (Male) |
| 15:42 | Create | Villager (Male) |
| 15:44 | Create | Villager (Male) |
| 16:10 | Build | Farm |
| 16:30 | Create | Villager (Male) |
| 16:35 | Build | Farm |
| 16:57 | Create | Villager (Male) |
| 17:04 | Build | Farm |
| 17:11 | Research | Castle Age |
| 17:43 | Research | Stone Mining |
| 18:00 | Research | Gold Mining |
| 18:13 | Build | Market |
| 20:02 | Age | Castle Age |
| 20:03 | Research | Hand Cart |
| 20:05 | Research | Heavy Plow |
| 20:07 | Research | Bow Saw |
| 20:14 | Build | Town Center |
| 20:22 | Build | Town Center |
| 20:27 | Build | Town Center |
| 20:31 | Create | Villager (Male) |
| 20:31 | Create | Villager (Male) |
| 20:31 | Create | Villager (Male) |
| 20:54 | Create | Villager (Male) |
| 20:55 | Create | Villager (Male) |
| 20:59 | Create | Villager (Male) |
| 21:04 | Create | Villager (Male) |
| 21:30 | Create | Villager (Male) |
| 21:30 | Create | Villager (Male) |
| 21:31 | Create | Villager (Male) |
| 21:34 | Create | Villager (Male) |
| 21:54 | Create | Spearman |
| 21:54 | Create | Spearman |
| 22:23 | Build | Monastery |
| 22:26 | Build | House |
| 22:29 | Create | Villager (Male) |
| 22:30 | Create | Villager (Male) |
| 22:32 | Create | Villager (Male) |
| 22:33 | Create | Villager (Male) |
| 22:34 | Create | Villager (Male) |
| 22:34 | Create | Villager (Male) |
| 22:37 | Create | Villager (Male) |
| 22:37 | Create | Villager (Male) |
| 22:53 | Research | Loom |
| 22:57 | Research | Loom |
| 22:58 | Research | Town Watch |
| 22:59 | Create | Villager (Male) |
| 22:59 | Create | Villager (Male) |
| 23:21 | Create | Monk |
| 23:22 | Create | Monk |
| 24:33 | Create | Monk |
| 24:34 | Create | Monk |
| 25:27 | Create | Monk |
| 25:45 | Create | Villager (Male) ×5 |
| 25:46 | Create | Villager (Male) ×5 |
| 25:46 | Create | Villager (Male) ×5 |
| 26:19 | Build | Castle |
| 27:52 | Build | Mining Camp |
| 28:14 | Build | Farm |
| 28:15 | Build | Farm |
| 28:17 | Create | Villager (Male) |
| 28:18 | Create | Villager (Male) |
| 28:18 | Create | Villager (Male) |
| 28:18 | Create | Villager (Male) |
| 28:55 | Research | Imperial Age |
| 28:57 | Research | Fletching |
| 28:58 | Research | Padded Archer Armor |
| 28:58 | Research | Scale Mail Armor |
| 29:05 | Build | Mining Camp |
| 29:13 | Create | Teutonic Knight |
| 29:39 | Create | Villager (Male) |
| 29:40 | Create | Villager (Male) |
| 29:40 | Create | Villager (Male) |
| 29:49 | Build | Town Center |
| 29:53 | Build | Farm |
| 29:53 | Build | Farm |
| 29:53 | Build | Farm |
| 29:53 | Build | Farm |
| 29:54 | Build | Farm |
| 29:54 | Build | Farm |
| 29:54 | Build | Farm |
| 29:55 | Build | Farm |
| 29:55 | Build | Farm |
| 29:55 | Build | Farm |
| 29:55 | Build | Farm |
Match timeline
| 2:06 | Frog 2nd · wall_segment Palisade Wall x1 |
| 2:07 | Frog 2nd · wall_segment Palisade Wall x1 |
| 8:37 | Frog 2nd · first_building Barracks |
| 13:08 | CaptainCAT · age_up feudal |
| 13:49 | Frog 2nd · age_up feudal |
| 13:59 | Frog 2nd · first_building Archery Range |
| 20:02 | Frog 2nd · age_up castle |
| 20:48 | CaptainCAT · age_up castle |
| 20:56 | CaptainCAT · first_building Monastery |
| 21:04 | CaptainCAT · first_building Barracks |
| 22:23 | Frog 2nd · first_building Monastery |
| 24:30 | CaptainCAT · first_building Castle |
| 26:19 | Frog 2nd · first_building Castle |
| 28:18 | CaptainCAT · first_building Stable |
| 28:22 | CaptainCAT · first_market_sell 500 wood |
| 28:46 | Frog 2nd · first_market_sell 100 wood |
| 30:17 | CaptainCAT · first_market_buy 100 food |
| 31:39 | CaptainCAT · first_building Siege Workshop |
| 31:55 | CaptainCAT · age_up imperial |
| 32:05 | Frog 2nd · age_up imperial |
| 32:48 | Frog 2nd · first_building Siege Workshop |
| 43:50 | Frog 2nd · resign |
[ AI ANALYSIS · 1 CREDIT ]
What really happened in this match?
Wolo.gg analyzes every decision: build order, eco, micro, common mistakes by bracket. Personalized analysis on WhatsApp or Discord in 30 seconds.
Civ guide
Burgundians
Perfil
Jugador #10963462